 Dungeon Crawl Stone Soup version 0.30-a0-972-gf3ab3527aa (webtiles) character file.

Game seed: 16530479687791567126

69379 DeathPants the Severer (level 15, -2/86 HPs)
             Began as a Vine Stalker Gladiator on Mar 31, 2023.
             Was an Initiate of Gozag.
             Slain by a death knight
             ... wielding a +0 great sword
              (5 damage)
             ... on level 13 of the Dungeon.
             The game lasted 00:49:40 (18236 turns).

DeathPants the Severer (Vine Stalker Gladiator)    Turns: 18236, Time: 00:49:41

Health: -2/86      AC: 19    Str: 19    XL:     15   Next: 29%
Magic:  0/28       EV: 16    Int: 15    God:    Gozag
Gold:   2482       SH:  7    Dex: 16    Spells: 30/30 levels left

rFire   . . .      SeeInvis .    b - +5 broad axe (drain)
rCold   + . .      Faith    .    H - +0 buckler
rNeg    . . .      Spirit   +    g - +1 scale mail {rC+}
rPois   .          Reflect  .    c - +2 helmet
rElec   .          Rampage  .    o - +2 cloak
rCorr   .                        (no gloves)
Will    +....                    W - +0 pair of boots "Liqy" {Int+5 Dex-3} Stlth
                                 F - amulet of magic regeneration
HPRegen 1.14/turn                l - +5 ring of evasion
MPRegen 0.61/turn                G - +4 ring of protection

@: about to teleport, marked, gold aura, studying Shields
A: fangs 3, regeneration 1, magic shield, antimagic bite, no potion heal 2
a: Renounce Religion, Potion Petition, Call Merchant, Bribe Branch


You were on level 13 of the Dungeon.
You worshipped Gozag.
Gozag was most pleased with you.
You visited 2 branches of the dungeon, and saw 19 of its levels.
You also visited: Sewer, Ossuary and Gauntlet.

You collected 5503 gold pieces.
You spent 1538 gold pieces at shops.
You paid 1483 gold pieces to Gozag.

Inventory:

Hand Weapons
 a - a +2 heavy war axe
 b - a +5 broad axe of draining (weapon)
 u - a +0 morningstar of flaming
Missiles
 d - 6 throwing nets (quivered)
 e - a javelin
 E - 4 silver boomerangs
 P - 3 boomerangs
 X - 5 silver javelins
Armour
 c - a +2 helmet (worn)
 g - a +1 scale mail of cold resistance (worn)
 o - a +2 cloak (worn)
 H - a +0 buckler (worn)
 W - the +0 pair of boots "Liqy" (worn) {Int+5 Dex-3}
   (You found it in a Gauntlet)

   Int:       It affects your intelligence (+5).
   Dex:       It affects your dexterity (-3).
Jewellery
 l - a +5 ring of evasion (left hand)
 A - a ring of wizardry
 D - a ring of willpower
 F - an amulet of magic regeneration (around neck)
 G - a +4 ring of protection (right hand)
 N - a ring of poison resistance
 V - a ring of flight
 Z - a ring of protection from fire
Wands
 m - a wand of digging (7)
 s - a wand of mindburst (16)
 y - a wand of quicksilver (9)
 K - a wand of roots (19)
 L - a wand of polymorph (11)
 O - a wand of paralysis (9)
 S - a wand of flame (5)
Scrolls
 k - a scroll of magic mapping
 n - 2 scrolls of enchant armour
 t - 6 scrolls of fog
 w - a scroll of amnesia
 x - 7 scrolls of teleportation
 C - 2 scrolls of vulnerability
 T - 2 scrolls of identify
Potions
 f - 3 potions of flight
 h - 2 potions of might
 i - 2 potions of attraction
 j - 7 potions of mutation
 p - 5 potions of lignification
 q - 4 potions of cancellation
 r - a potion of invisibility
 v - 2 potions of haste
 z - 4 potions of magic
 B - 10 potions of curing
 I - 3 potions of brilliance
 R - a potion of resistance
Miscellaneous
 U - a phantom mirror


   Skills:
 + Level 13.3 Fighting
 + Level 16.7 Axes
 - Level 1.7 Throwing
 - Level 4.3 Armour
 - Level 5.0 Dodging
 - Level 9.3 Shields
 - Level 8.2 Spellcasting


You had 30 spell levels left.
You didn't know any spells.
Your spell library contained the following spells:

 Spells                   Type           Power      Damage    Failure   Level
 Summon Small Mammal      Summ           24%        N/A       38%         1
 Lesser Beckoning         Tloc           12%        N/A       54%         2
 Static Discharge         Conj/Air       12%        2-3/arc   54%         2
 Call Canine Familiar     Summ           6%         N/A       77%         3
 Gell's Gravitas          Tloc           6%         N/A       77%         3
 Kindle Blastsparks       Fire/Tloc/Air  12%        2d11      77%         3
 Portal Projectile        Hex/Tloc       12%        N/A       77%         3
 Summon Guardian Golem    Hex/Summ       6%         N/A       77%         3
 Teleport Other           Tloc           6%         N/A       77%         3
 Vhi's Electric Charge    Tloc/Air       12%        N/A       77%         3
 Fulminant Prism          Conj/Hex       3%         3d5       99%         4
 Iskenderun's Mystic Bla  Conj/Tloc      6%         2d4       99%         4
 Leda's Liquefaction      Hex/Erth       3%         N/A       99%         4
 Sticky Flame             Conj/Fire      6%         2d3       99%         4
 Arcjolt                  Conj/Air       3%         1d13      100%        5
 Lee's Rapid Deconstruct  Erth           3%         3d5*      100%        5
 Plasma Beam              Fire/Air       3%         2x1d9     100%        5
 Summon Forest            Summ/Tloc      3%         N/A       100%        5
 Spellforged Servitor     Conj/Summ      3%         N/A       100%        7


Dungeon Overview and Level Annotations

Branches:
Dungeon (14/15)            Temple (0/1) D:6            Lair (5/5) D:10
  Swamp (0/4) Lair:2        Snake (0/4) Lair:2        Slime (0/5) Lair:5
    Orc (0/2) D:9          Vaults (0/5) D:13          Sewer (visited)
Ossuary (visited)         Gauntlet (visited)

Altars:
Cheibriados
Elyvilon
Gozag
Kikubaaqudgha
Nemelex Xobeh
Okawaru
Sif Muna
Xom
Jiyva

Shops:
D:9 *   Lair:1 (

Annotations:
Lair:4 1 runed translucent door, mistaj's ghost, journeyman GrFi


Innate Abilities, Weirdness & Mutations

You have razor-sharp teeth.
Your natural rate of healing is unusually fast.
When hurt, damage is shared between your health and your magic reserves.
Your bite disrupts and absorbs the magic of your enemies.
Potions cannot restore your health.


Message History

The death knight is moderately wounded.
You closely miss the cyan very ugly thing.
The cyan very ugly thing claws you but does no damage.
You hit the death knight but do no damage.
Your bite misses the death knight.
The death knight is moderately wounded.
You hit the cyan very ugly thing but do no damage.
You drain the cyan very ugly thing. The death knight misses you.
The cyan very ugly thing claws you. The cyan very ugly thing shocks you!!
You hit the death knight. You bite the death knight. You drain its power.
You feel invigorated.
The death knight is moderately wounded.
You hit the cyan very ugly thing.
The death knight hits you with a +0 great sword!
You slice the death knight!! You drain the death knight!
You bite the death knight, but do no damage.
The death knight is almost dead.
You slice the cyan very ugly thing!! You drain the cyan very ugly thing.
The cyan very ugly thing claws you but does no damage.
The death knight hits you with a +0 great sword!
You closely miss the death knight. Your bite misses the death knight.
The death knight is almost dead.
You hit the cyan very ugly thing. The cyan very ugly thing claws you.
The cyan very ugly thing shocks you!!
You hit the death knight. Your bite misses the death knight.
The death knight is almost dead.
You hit the cyan very ugly thing.
The death knight hits you with a +0 great sword!
* * * LOW HITPOINT WARNING * * *
A deep elf pyromancer comes into view.
It is wielding a +0 long sword and carrying a wand of polymorph (5).
The cyan very ugly thing claws you!
* * * LOW HITPOINT WARNING * * *
The cyan very ugly thing shocks you!
* * * LOW HITPOINT WARNING * * *
Unknown command.
As you read the scroll of teleportation, it crumbles to dust.
You feel strangely unstable.
The death knight hits you with a +0 great sword!
You die...
Your body crumbles into a pile of gold.

#.# .#
################
.#
#............(.#
..
######.#######u#
#.
#......##.$Dp@.#
#.
#.#######e######
#. #......##.
..#######.###
#.........# $ $
##...)..[.# $
#.######u# ##.#
..# #..# ###


You could see a cyan very ugly thing (drained), a death knight (drained), a
seven-headed hydra and a deep elf pyromancer.

Vanquished Creatures
  A minotaur (Gauntlet)
  2 dire elephants (Lair:5)
  A fire dragon (D:13)
  Harold (D:9)
  3 centaur warriors (D:13)
  Erica (D:10)
  An ogre mage (D:13)
  A death knight (D:13)
  3 catoblepae
  4 two-headed ogres
  A boulder beetle (D:13)
  10 death yaks
  A spectral dire elephant (Lair:5)
  Nergalle (Lair:3)
  A skyshark (Lair:5)
  A skeletal warrior (D:13)
  2 spectral death yaks (Lair:5)
  A spectral anaconda (Lair:5)
  2 flayed ghosts (D:13)
  An obsidian statue (Lair:5)
  A phantasmal warrior (D:13)
  A lindwurm (Lair:5)
  4 necromancers
  3 cyclopes (D:13)
  A salamander (Lair:2)
  A manticore (D:12)
  23 elephants
  3 black mambas
  2 torpor snails
  11 cane toads
  2 gargoyles
  A dire elephant skeleton (Lair:5)
  5 yaktaurs (D:13)
  3 centaur skeletons (D:13)
  2 minotaur zombies (Gauntlet)
  5 kobold demonologists (D:11)
  3 rime drakes
  5 komodo dragons
  An ice devil (Gauntlet)
  2 polar bears
  3 spectral elephants (Lair:5)
  8 slime creatures (D:12)
  7 dream sheep (Lair:3)
  A vampire (D:11)
  Eustachio (D:4)
  A wraith (D:12)
  37 yaks
  11 wyverns
  2 basilisks
  6 vampire mosquitoes
  An acid dragon (D:13)
  14 water moccasins
  2 sky beasts
  A swamp drake (D:9)
  4 orc warriors
  6 ogres
  2 black bears
  10 centaurs
  32 wolves
  2 phantoms
  9 kobold brigands
  5 elf zombies (Ossuary)
  8 bullfrogs
  A cane toad simulacrum (Lair:5)
  2 scorpions
  8 wights
  9 killer bees
  2 elephant simulacra (Lair:5)
  8 electric eels
  7 howler monkeys
  3 lava snakes (Lair:2)
  3 centaur zombies (Ossuary)
  2 hounds
  9 orc priests
  4 iguanas
  3 sleepcaps
  4 human zombies (Ossuary)
  12 orc wizards
  Natasha (D:3)
  4 hell rats (Lair:3)
  A boggart skeleton (D:13)
  4 mummies
  18 adders
  7 river rats (Lair:3)
  7 white imps
  4 ufetubi
  2 worms
  4 dart slugs
  33 orcs
  11 ball pythons
  6 endoplasms
  12 giant cockroaches
  6 goblins
  5 hobgoblins
  2 jackals (D:4)
  39 kobolds
  11 quokkas
  7 bats
  12 frilled lizards
  11 rats
575 creatures vanquished.

Vanquished Creatures (others)
  An orc wizard (D:4)
  16 fungi
  41 plants
  18 withered plants (Lair:5)
76 creatures vanquished.

Grand Total: 651 creatures vanquished

Notes
Turn   | Place    | Note
-------+----------+-------------------------------------------
     0 | D:1      | DeathPants the Vine Stalker Gladiator began the quest for
                  | the Orb.
     0 | D:1      | Reached XP level 1. HP: 11/11 MP: 2/2
    44 | D:1      | Reached skill level 3 in Axes
    62 | D:1      | Reached XP level 2. HP: 15/15 MP: 3/3
   899 | D:2      | Reached XP level 3. HP: 16/18 MP: 4/4
  1388 | D:3      | Reached skill level 4 in Axes
  1388 | D:3      | Gained mutation: Your natural rate of healing is unusually
                  | fast. [Vine Stalker growth]
  1388 | D:3      | Reached XP level 4. HP: 16/23 MP: 3/5
  1565 | D:4      | Noticed Eustachio
  1584 | D:4      | Killed Eustachio
  1585 | D:4      | Reached skill level 5 in Axes
  1585 | D:4      | Reached XP level 5. HP: 24/28 MP: 3/6
  1585 | D:4      | Reached XP level 6. HP: 28/32 MP: 3/7
  1804 | D:4      | Found a glowing drain.
  1845 | D:4      | Reached XP level 7. HP: 21/37 MP: 8/8
  1860 | Sewer    | Entered a sewer
  1922 | Sewer    | Reached skill level 6 in Axes
  2356 | D:5      | Entered Level 5 of the Dungeon
  2546 | D:5      | Reached skill level 7 in Axes
  2550 | D:5      | Found a sand-covered staircase.
  2557 | Ossuary  | Entered an ossuary
  2587 | Ossuary  | Gained mutation: You have razor-sharp teeth. [Vine Stalker
                  | growth]
  2587 | Ossuary  | Reached XP level 8. HP: 42/42 MP: 7/9
  2599 | Ossuary  | Reached skill level 5 in Fighting
  2674 | Ossuary  | Reached skill level 8 in Axes
  2839 | D:3      | Noticed Natasha
  2847 | D:3      | Killed Natasha
  3896 | D:4      | Found a shimmering altar of Xom.
  4110 | D:4      | Found an opulent altar of Gozag.
  4290 | D:5      | Reached XP level 9. HP: 46/48 MP: 10/10
  4433 | D:5      | Found a white marble altar of Elyvilon.
  4728 | D:4      | Became a worshipper of Gozag Ym Sagoz the Greedy
  4833 | D:6      | Reached skill level 9 in Axes
  5108 | D:6      | Found a shimmering blue altar of Sif Muna.
  5212 | D:6      | Found a staircase to the Ecumenical Temple.
  5976 | D:7      | Reached skill level 10 in Axes
  5976 | D:7      | Reached skill level 1 in Shields
  6165 | D:7      | Found a sparkling altar of Nemelex Xobeh.
  6739 | D:8      | Reached XP level 10. HP: 55/55 MP: 11/11
  6976 | D:9      | Found Bytady's General Store.
  7251 | D:8      | Found an ancient bone altar of Kikubaaqudgha.
  7365 | D:8      | Reached skill level 11 in Axes
  7600 | D:8      | Found a snail-covered altar of Cheibriados.
  7886 | D:10     | Entered Level 10 of the Dungeon
  8005 | D:10     | Found a staircase to the Lair.
  8150 | D:9      | Noticed Harold
  8167 | D:9      | Killed Harold
  8168 | D:9      | Reached skill level 12 in Axes
  8168 | D:9      | Reached XP level 11. HP: 53/60 MP: 12/12
  8215 | D:9      | Bought a manual of Shields for 1040 gold pieces
  8261 | D:9      | Reached skill level 5 in Shields
  8340 | D:9      | Found an iron altar of Okawaru.
  8368 | D:9      | Found a staircase to the Orcish Mines.
  8657 | D:10     | Noticed Erica
  8670 | D:10     | Killed Erica
  8783 | D:10     | Identified the +3 ring mail "Cocyuge" {rN+ Slay-2 SInv}
  9381 | D:11     | Noticed a soul eater
  9509 | D:12     | Reached skill level 13 in Axes
  9620 | D:11     | Noticed a soul eater
 10434 | D:12     | Noticed a manticore
 10440 | D:12     | Killed a manticore
 10441 | D:12     | Reached XP level 12. HP: 67/67 MP: 11/13
 10669 | D:12     | Noticed a two-headed ogre
 10678 | D:12     | Killed a two-headed ogre
 10768 | D:13     | Noticed a two-headed ogre
 10768 | D:13     | Noticed a centaur warrior
 10777 | D:12     | Killed a two-headed ogre
 10810 | D:13     | Killed a centaur warrior
 10831 | D:13     | Reached skill level 10 in Fighting
 10831 | D:13     | Reached skill level 14 in Axes
 11440 | Lair:1   | Entered Level 1 of the Lair of Beasts
 11440 | Lair:1   | Noticed a catoblepas
 11453 | D:10     | Killed a catoblepas
 11597 | Lair:1   | Reached skill level 1 in Spellcasting
 11923 | Lair:1   | You fall into a shaft and drop 1 floor!
 11923 | Lair:2   | Found a staircase to the Swamp.
 12040 | Lair:2   | Reached XP level 13. HP: 66/72 MP: 16/18
 12051 | Lair:2   | Reached skill level 15 in Axes
 12100 | Lair:2   | Found the +2 ratskin cloak {*Rats rPois rN+ Str-1 Int-1
                  | Dex+1}
 12607 | Lair:1   | Bought a +3 war axe of draining for 279 gold pieces
 12607 | Lair:1   | Bought a +2 heavy war axe for 219 gold pieces
 13035 | Lair:2   | Found a staircase to the Snake Pit.
 13447 | Lair:3   | Reached skill level 5 in Spellcasting
 13828 | Lair:3   | Reached skill level 16 in Axes
 13943 | Lair:3   | Noticed Nergalle
 13958 | Lair:3   | Killed Nergalle
 14513 | Lair:3   | Reached XP level 14. HP: 79/79 MP: 24/24
 15115 | Lair:4   | Found a runed translucent door.
 15118 | Lair:4   | Noticed mistaj's ghost (journeyman GrFi)
 15179 | Lair:5   | Entered Level 5 of the Lair of Beasts
 15195 | Lair:5   | Reached skill level 1 in Armour
 15238 | Lair:5   | Found a gate leading to a gauntlet.
 15247 | Gauntlet | Entered a Gauntlet
 15247 | Gauntlet | Found a transporter.
 15247 | Gauntlet | Found a transporter.
 15260 | Gauntlet | Found a transporter.
 15286 | Gauntlet | Found a transporter.
 15368 | Gauntlet | Found a transporter.
 15368 | Gauntlet | Found a transporter.
 15396 | Gauntlet | Found a transporter.
 15438 | Gauntlet | Found a transporter.
 15442 | Gauntlet | Found a transporter.
 15517 | Gauntlet | Found a transporter.
 15518 | Gauntlet | Found a transporter.
 15533 | Gauntlet | Identified the +0 pair of boots "Liqy" {Int+5 Dex-3}
 15655 | Gauntlet | Got Sif Muna's Atlas of Spicy Allies
 16549 | Lair:5   | Found a viscous altar of Jiyva.
 16550 | Lair:5   | Found a staircase to the Slime Pits.
 16830 | Lair:5   | Noticed a dire elephant
 16830 | Lair:5   | Noticed a dire elephant
 17195 | Lair:5   | Killed a dire elephant
 17199 | Lair:5   | HP: 1/78 [dire elephant (15)]
 17202 | Lair:5   | Reached skill level 5 in Dodging
 17205 | Lair:5   | Killed a dire elephant
 17709 | D:13     | Identified the +6 sling of the Enchanted Forest {elec,
                  | *Slow Fly Int+2}
 17893 | D:13     | Reached XP level 15. HP: 63/85 MP: 20/28
 17898 | D:13     | Found a gate to the Vaults.
 18235 | D:13     | HP: 2/86 [cyan very ugly thing (12)]
 18236 | D:13     | Slain by a death knight

Illustrated notes

Levels and vault maps discovered:
D:1:      roderic_chinese_lattice_arrival, layout_basic
D:2:      minmay_chambers_of_twos, layout_basic
D:3:      cheibrodos_old_hovel, layout_basic, nicolae_half_adder, uniq_natasha
D:4:      cheibrodos_greedy_goblins, layout_basic,
          nicolae_overflow_hidden_temple, lemuel_crystal_altar,
          gup_sewer_entry_glass, uniq_eustachio
D:5:      layout_basic, mainiacjoe_overflow_catwalk, gup_ossuary_entry_pyramid
D:6:      layout_cave_pods, mainiacjoe_overflow_cross_hatched,
          minmay_temple_entry_overgrown
D:7:      layout_cave_pods, nemelex_diamond_rough_becter, st_stairs_14
D:8:      layout_basic, marbit_many_paths, amcnicky_altar_gilded
D:9:      layout_basic, okawaru_ov_weapons_minmay, orc_0_dummy, serial_shops,
          nicolae_diamond_shop, uniq_harold
D:10:     nicolae_whirlpool, layout_irregular_city, minmay_lair_entry_grove,
          grunt_ogre_cave, uniq_erica
D:11:     layout_cave_pods
D:12:     layout_stronghold
D:13:     minmay_two_paths, layout_basic, hangedman_vaults_entry_quadrant_bands
D:14:     layout_loops_corners, serial_aquarium, aquarium_bridge_square
          [aquarium_subvault_bridge, aquarium_subvault_bridge,
          aquarium_subvault_window, aquarium_subvault_balcony],
          aquarium_window_corridor_1, aquarium_window_2, aquarium_view_2d,
          aquarium_view_2b, portal_ice_cave_entry_ugly_swarm, serial_shops,
          shop_statue
Lair:1:   layout_small_grid, chequers_serial_rivers_micro_a
Lair:2:   layout_regular_city, minmay_swamp_entry_eels,
          nicolae_snake_entry_warm_welcome, lemuel_fruit_tree
Lair:3:   layout_layer_cave, serial_bayou_ford_a, kennysheep_abandoned_house,
          uniq_nergalle
Lair:4:   layout_loops_ring, ebering_ghost_inner_flame
Lair:5:   due_jungle_book, layout_gridlike, slime_entry_1,
          gauntlet_entry_generic

Skill      XL: |  1  2  3  4  5  6  7  8  9 10 11 12 13 14 15 |
---------------+----------------------------------------------+-----
Fighting       | 2 3 4 6 7 8 9 10 11 12 13 | 13.3
Axes           | 3 4 5 7 8 10 12 13 14 16 | 16.7
Shields        | 2 4 7 9 |  9.3
Spellcasting   | 3 6 8 |  8.2
Armour         | 4 |  4.3
Dodging        | 5 |  5.0
Throwing       | |  1.7

Action                     |  1- 3 |  4- 6 |  7- 9 | 10-12 | 13-15 || total
---------------------------+-------+-------+-------+-------+-------++-------
  Melee: War axe           |    90 |    86 |   472 |   614 |   469 ||  1731
         Bite              |    16 |    18 |   152 |   249 |   292 ||   727
         Punch             |     1 |       |     3 |     3 |       ||     7
         Broad axe         |       |       |       |       |   162 ||   162
  Throw: Throwing net      |       |       |       |     3 |     2 ||     5
 Invoke: Call Merchant     |       |       |       |       |     1 ||     1
         Potion Petition   |       |       |       |       |     1 ||     1
  Evoke: Wand              |       |       |       |     3 |       ||     3
    Use: Scroll            |       |     4 |    13 |    13 |    12 ||    42
         Potion            |       |       |       |     2 |     3 ||     5
   Stab: Distracted        |       |       |     1 |     4 |     1 ||     6
         Held in net/web   |       |       |       |     5 |     2 ||     7
         Invisible         |       |       |       |       |     1 ||     1
 Armour: Leather armour    |     1 |       |       |       |       ||     1
         Scale mail        |    53 |    73 |   259 |   387 |   284 ||  1056
  Dodge: Dodged            |    57 |    56 |   263 |   538 |   506 ||  1420
  Block: Buckler           |       |       |       |   181 |   249 ||   430

Table legend: (Time is in decaauts)
 A = Elapsed time spent in this place.
 B = Non-inter-level travel time spent in this place.
 C = Inter-level travel time spent in this place.
 D = Time resting spent in this place.
 E = Time spent auto-exploring this place.
 F = Levels seen in this place.
 G = Mean time per level.
                   A        B        C        D        E       F      G
               +--------+--------+--------+--------+--------+-----+--------+
         Total |  18405 |  17475 |    930 |    179 |  11686 |  22 |  836.6 |
       Dungeon |  11481 |  10851 |    630 |     79 |   7462 |  14 |  820.1 |
          Lair |   5708 |   5409 |    299 |    100 |   3760 |   5 | 1141.6 |
         Sewer |    574 |    574 |      0 |      0 |    311 |   1 |  574.0 |
       Ossuary |    221 |    221 |      0 |      0 |     56 |   1 |  221.0 |
      Gauntlet |    418 |    418 |      0 |      0 |     96 |   1 |  418.0 |
               +--------+--------+--------+--------+--------+-----+--------+

Top non-repeatable levels by time:
  Lair:3: 1508 daAuts
  Lair:5: 1439 daAuts
    D:12: 1171 daAuts
     D:3: 1141 daAuts
     D:8: 1027 daAuts
     D:7: 1010 daAuts
  Lair:2: 986 daAuts
    D:10: 948 daAuts
  Lair:1: 898 daAuts
    D:11: 890 daAuts
  Lair:4: 875 daAuts
     D:6: 869 daAuts
     D:5: 866 daAuts
     D:4: 795 daAuts
     D:2: 791 daAuts
